 Dungeon Crawl Stone Soup version 0.26-a0-26-ge22fd8933b (webtiles) character file.

Game seed: 10314393962945532083, levelgen mode: deterministic

15456 Mrkan the Spear-Bearer (level 12, -9/106 HPs)
             Began as a Minotaur Fighter on May 27, 2020.
             Was a High Priest of Zin.
             Mangled by a blink frog (11 damage)
             ... on level 1 of the Lair of Beasts.
             The game lasted 00:19:04 (10807 turns).

Mrkan the Spear-Bearer (Minotaur Fighter)          Turns: 10807, Time: 00:19:04

Health: -9/106     AC: 17    Str: 27    XL:     12   Next: 1%
Magic:  16/16      EV:  8    Int: 16    God:    Zin [*****.]
Gold:   738        SH: 18    Dex: 13    Spells: 11/11 levels left

rFire    . . .     SeeInvis .   u - +4 trident (vorpal)
rCold    . . .     Gourm    .   c - +0 kite shield
rNeg     . . .     Faith    .   x - +0 plate armour
rPois    ∞         Spirit   .   (helmet restricted)
rElec    .         Reflect  +   (no cloak)
rCorr    .         Harm     .   (no gloves)
MR       .....                  e - +1 pair of boots
Stlth    ..........             k - amulet of reflection
HPRegen  0.27/turn              n - +6 ring of intelligence
MPRegen  0.15/turn              (no ring)

@: vitalised
A: retaliatory headbutt, horns 2
a: Recite, Vitalisation, Imprison, Sanctuary, Donate Gold, Renounce Religion


You were on level 1 of the Lair of Beasts.
You worshipped Zin.
Zin was extremely pleased with you.
You were not hungry.

You visited 3 branches of the dungeon, and saw 13 of its levels.
You also visited: Ossuary.

You collected 819 gold pieces.
You donated 81 gold pieces to Zin.

Inventory:

Hand Weapons
 d - a +3 scimitar of flaming
 u - a +4 vorpal trident (weapon)
 F - a +4 eveningstar of protection
Armour
 c - a +0 kite shield (worn)
 e - a +1 pair of boots (worn)
 x - a +0 plate armour (worn)
Jewellery
 k - an amulet of reflection (around neck)
 n - a +6 ring of intelligence (left hand)
 A - an uncursed amulet of faith {unknown}
 K - an uncursed ring of ice
 L - a cursed amulet of inaccuracy {unknown}
Wands
 b - a wand of flame (24)
 q - a wand of disintegration (9)
 s - a wand of iceblast (10)
 y - a wand of acid (13)
 H - a wand of digging (5)
 I - a wand of enslavement (4)
Scrolls
 a - 2 scrolls of fear {unknown}
 j - 5 scrolls of teleportation
 m - 7 scrolls of identify
 o - 2 scrolls of fog {unknown}
 v - 6 scrolls of remove curse
 D - 2 scrolls of amnesia
 E - 2 scrolls of blinking
 J - 3 scrolls of enchant armour
Potions
 g - 4 potions of flight
 i - 5 potions of curing
 l - a potion of mutation
 p - a potion of lignification
 t - a potion of brilliance
 w - 2 potions of degeneration
 z - a potion of haste
 B - a potion of stabbing
 C - 3 potions of cancellation
 G - a potion of might
Miscellaneous
 r - a lightning rod (4/4)
Comestibles
 f - 21 rations


   Skills:
 + Level 10.2 Fighting
   Level 4.2(9.5) Axes
 * Level 12.8(13.0) Polearms
 + Level 10.3 Armour
 - Level 3.0 Dodging
 + Level 10.2 Shields
 + Level 7.4 Invocations


You had 11 spell levels left.
You didn't know any spells.
Your spell library contained the following spells:

 Spells                   Type           Power        Failure   Level  Hunger
 Animate Skeleton         Necr           N/A          99%         1    ##.....
 Pain                     Necr           #...         99%         1    ##.....
 Vampiric Draining        Necr           #.........   100%        3    ####...
 Animate Dead             Necr           N/A          100%        4    #####..
 Agony                    Necr           #.......     100%        5    ######.


Dungeon Overview and Level Annotations

Branches:
Dungeon (11/15)            Temple (1/1) D:5            Lair (1/6) D:11
Ossuary (visited)
    Orc: D:9-12

Altars:
Ashenzari
Cheibriados
Dithmenos
Elyvilon
Fedhas
Gozag
Hepliaklqana
Kikubaaqudgha
Makhleb
Nemelex Xobeh
Okawaru
Qazlal
Ru
Sif Muna
Trog
Uskayaw
Vehumet
Wu Jian
Xom
Yredelemnul
Zin
The Shining One

Annotations:
D:6 2 runed translucent doors, Crazy Yiuf; namelastname112's ghost, novice DrAs


Innate Abilities, Weirdness & Mutations

You reflexively headbutt those who attack you in melee.
You have a pair of horns on your head.


Message History

The blink frog is moderately wounded.
The blink frog closely misses you.
You closely miss the blink frog. Your headbutt misses the blink frog.
The blink frog is moderately wounded.
The blink frog hits you but does no damage.
You barely miss the blink frog. Your headbutt misses the blink frog.
The blink frog is moderately wounded.
You block the blink frog's attack.
You barely miss the blink frog.
The blink frog is moderately wounded.
The blink frog blinks!
You see here a crocodile corpse.
The blink frog hits you.
* * * LOW HITPOINT WARNING * * *
The blink frog blinks!
You block the blink frog's attack.
You hit the blink frog. Your headbutt misses the blink frog.
The blink frog is heavily wounded.
The blink frog hits you!
You die...

##+#### ##.....#
#...F..# #### ##
##..@..###..##..##
#P.....+#........#
##.†..............
#.#.##...$>......
######.#...)..[.#
#.#........#
#...........
#...........
###........#


You could see a blink frog.

Vanquished Creatures
  Fannar (D:10)
  2 centaur warriors (D:8)
  Erica (D:9)
  2 two-headed ogres (D:8)
  Urug (D:10)
  An ugly thing (D:10)
  A manticore (D:8)
  Maurice (D:8)
  A komodo dragon (shapeshifter) (D:8)
  A komodo dragon (Lair:1)
  3 trolls
  A hornet (D:8)
  A hippogriff (D:10)
  A slime creature (D:8)
  A wyvern (D:10)
  A wraith (D:8)
  A basilisk (Lair:1)
  2 hungry ghosts
  Edmund (D:5)
  2 soldier ants (D:8)
  An acid dragon (D:8)
  3 water moccasins
  4 porcupines
  5 sky beasts
  5 phantoms
  3 orc warriors
  2 ice beasts
  2 eyes of draining (D:10)
  5 ogres
  7 black bears
  2 wolves (D:10)
  5 centaurs
  3 big kobolds
  7 crocodiles
  6 bullfrogs
  5 scorpions
  4 killer bees (D:9)
  3 crimson imps
  A centaur zombie (D:9)
  4 jellies
  4 orc priests
  2 centaur skeletons
  4 hounds
  5 bullfrog skeletons
  4 iguanas
  6 worker ants
  Natasha (twice) (D:2)
  5 orc wizards
  A hound zombie (D:6)
  9 mummies
  3 gnolls (D:8)
  8 adders
  2 shadow imps
  2 oozes
  2 dart slugs
  6 worms
  10 leopard geckos
  30 orcs
  A ball python (D:3)
  8 bats
  9 giant cockroaches
  2 gnoll zombies (Ossuary)
  5 goblins
  5 hobgoblins
  14 jackals
  20 kobolds
  4 quokkas
  3 frilled lizards
  3 hobgoblin zombies (Ossuary)
  A kobold zombie (Ossuary)
  2 orc zombies (Ossuary)
  A quokka skeleton (D:8)
  10 rats
296 creatures vanquished.

Notes
Turn   | Place    | Note
-------+----------+-------------------------------------------
     0 | D:1      | Mrkan the Minotaur Fighter began the quest for the Orb.
     0 | D:1      | Reached XP level 1. HP: 19/19 MP: 0/0
   103 | D:1      | Reached XP level 2. HP: 25/27 MP: 1/1
   449 | D:1      | Reached XP level 3. HP: 23/33 MP: 2/2
   458 | D:1      | Reached skill level 1 in Dodging
   826 | D:2      | Noticed Natasha
   835 | D:2      | Killed Natasha
   864 | D:2      | Reached XP level 4. HP: 39/40 MP: 3/3
  1143 | D:2      | You fall into a shaft and drop 1 floor!
  1259 | D:3      | Found a glowing golden altar of the Shining One.
  1268 | D:3      | Became a worshipper of the Shining One
  1557 | D:2      | Noticed Natasha
  1567 | D:2      | Killed Natasha
  1961 | D:3      | Reached XP level 5. HP: 46/46 MP: 4/4
  2416 | D:4      | Reached skill level 1 in Polearms
  2430 | D:4      | Reached skill level 2 in Polearms
  2607 | D:4      | Reached XP level 6. HP: 53/53 MP: 5/5
  2870 | D:4      | Reached skill level 3 in Polearms
  2870 | D:4      | Reached skill level 5 in Shields
  2877 | D:4      | Noticed an ice beast
  2886 | D:4      | Killed an ice beast
  2886 | D:4      | Reached skill level 5 in Fighting
  2886 | D:4      | Reached skill level 5 in Armour
  2886 | D:4      | Reached XP level 7. HP: 53/61 MP: 6/6
  3002 | D:4      | Reached * piety under the Shining One
  3331 | D:5      | Entered Level 5 of the Dungeon
  3333 | D:5      | Found a staircase to the Ecumenical Temple.
  3334 | D:5      | Noticed Edmund
  3343 | D:5      | Reached skill level 4 in Polearms
  3354 | D:5      | Killed Edmund
  3354 | D:5      | Reached skill level 1 in Invocations
  3391 | Temple   | Entered the Ecumenical Temple
  3518 | D:5      | Found a glowing silver altar of Zin.
  3528 | D:5      | Fell from the grace of the Shining One
  3528 | D:5      | Became a worshipper of Zin the Law-Giver
  3528 | D:5      | Reached * piety under Zin
  3640 | D:5      | Reached ** piety under Zin
  3699 | D:5      | Reached skill level 5 in Polearms
  3707 | D:5      | Reached XP level 8. HP: 48/70 MP: 8/8
  4012 | D:5      | Reached *** piety under Zin
  4086 | D:5      | Found a stormy altar of Qazlal.
  4088 | D:5      | Noticed an air elemental
  4222 | D:6      | Found a runed translucent door.
  4223 | D:6      | Noticed Crazy Yiuf
  4384 | D:6      | Found a snail-covered altar of Cheibriados.
  4538 | D:6      | Found a sand-covered staircase.
  4544 | Ossuary  | Entered an ossuary
  4571 | Ossuary  | Reached skill level 6 in Polearms
  4688 | Ossuary  | Reached **** piety under Zin
  4798 | Ossuary  | Reached ***** piety under Zin
  5032 | D:6      | Found a runed translucent door.
  5032 | D:6      | Noticed namelastname112's ghost (novice DrAs)
  5185 | D:6      | Found a sparkling altar of Nemelex Xobeh.
  5233 | D:6      | Reached skill level 7 in Polearms
  5730 | D:7      | Reached XP level 9. HP: 78/78 MP: 10/10
  5958 | D:7      | Found a sacrificial altar of Ru.
  6128 | D:7      | Reached skill level 8 in Polearms
  6349 | D:8      | Noticed a two-headed ogre
  6363 | D:8      | Killed a two-headed ogre
  6582 | D:8      | Found a shimmering altar of Xom.
  6583 | D:8      | Found a shimmering altar of Xom.
  6584 | D:8      | Found a basalt altar of Yredelemnul.
  6584 | D:8      | Found a burning altar of Makhleb.
  6690 | D:8      | Reached skill level 9 in Polearms
  6986 | D:8      | Noticed a manticore
  6986 | D:8      | Noticed a komodo dragon
  6998 | D:8      | Killed a manticore
  6998 | D:8      | Reached XP level 10. HP: 34/88 MP: 12/12
  7007 | D:8      | Reached skill level 5 in Invocations
  7025 | D:8      | Noticed a two-headed ogre
  7028 | D:8      | Noticed a centaur warrior
  7032 | D:8      | Killed a two-headed ogre
  7032 | D:8      | Reached skill level 10 in Polearms
  7038 | D:8      | Killed a centaur warrior
  7134 | D:8      | Noticed a centaur warrior
  7139 | D:8      | Killed a centaur warrior
  7440 | D:8      | Noticed Maurice
  7469 | D:8      | Killed Maurice
  7469 | D:8      | Reached skill level 11 in Polearms
  7632 | D:8      | Paralysed by a hornet for 3 turns
  7643 | D:8      | Reached XP level 11. HP: 69/97 MP: 14/14
  7916 | D:8      | Found a shimmering blue altar of Sif Muna.
  8267 | D:9      | Noticed Erica
  8284 | D:9      | Killed Erica
  9058 | D:9      | Found a sacrificial altar of Ru.
  9142 | D:10     | Entered Level 10 of the Dungeon
  9149 | D:10     | Noticed Urug
  9170 | D:10     | Killed Urug
  9308 | D:10     | Reached skill level 12 in Polearms
  9588 | D:10     | Noticed Fannar
  9626 | D:10     | Killed Fannar
 10200 | D:11     | Reached skill level 10 in Armour
 10200 | D:11     | Reached skill level 10 in Shields
 10225 | D:11     | Found a staircase to the Lair.
 10231 | D:11     | Noticed a red ugly thing
 10395 | D:10     | Killed a red ugly thing
 10395 | D:10     | Reached skill level 10 in Fighting
 10692 | Lair:1   | Entered Level 1 of the Lair of Beasts
 10765 | Lair:1   | HP: 4/99 [electric eel/bolt of electricity (7)]
 10768 | Lair:1   | Zin protects you from harm!
 10791 | Lair:1   | HP: 4/99 [porcupine's spines (5)]
 10792 | Lair:1   | Zin protects you from harm!
 10794 | Lair:1   | Reached XP level 12. HP: 5/106 MP: 16/16
 10796 | Lair:1   | Zin protects you from harm!
 10805 | Lair:1   | HP: 1/106 [blink frog (6)]
 10807 | Lair:1   | Mangled by a blink frog

Illustrated notes

Levels and vault maps discovered:
D:1:      ncdulo_watergridlock, layout_basic
D:2:      minmay_inner_zag, layout_rooms, uniq_natasha
D:3:      layout_basic, nicolae_tso_swordbearing_angel
D:4:      layout_basic
D:5:      layout_rooms, zin_academy, minmay_temple_entry_stoned_glass,
          first_ration, nicolae_qazlal_style_of_elements, uniq_edmund
D:6:      layout_loops_ring, cheibrodos_worm_habitat,
          hellmonk_ghost_happy_afterlife, gup_ossuary_entry_pyramid,
          nemelex_diamond_rough_becter, uniq_crazy_yiuf_cottage
D:7:      layout_loops_ring, kennysheep_mini
D:8:      minmay_the_grid_octo_triangle [minmay_the_grid_octo_checkerflower,
          minmay_the_grid_octo_prize_single_spiral,
          minmay_the_grid_octo_shrine], layout_cave_pools,
          hangedman_pestilent_swarm, lemuel_centaur_altar, uniq_maurice
D:9:      lemuel_upstairs_altar, layout_grid_maze, corexii_hall_statues_i,
          chequers_serial_rivers_micro_b, nicolae_ru_path_of_blood, uniq_erica
D:10:     layout_basic, uniq_fannar, uniq_urug
D:11:     layout_grid_maze, minmay_lair_entry_grove, zombieorc2_lemuel,
          minmay_hollow_rounded_squares, uniq_josephine
Temple:   eino_narrow_crystal_temple
Lair:1:   layout_roguey, st_stairs_5, nicolae_quartered_pool_medium

Skill      XL: |  1  2  3  4  5  6  7  8  9 10 11 |
---------------+----------------------------------+-----
Axes           | 3 4 |  4.2
Dodging        | 1 2 3 |  3.0
Fighting       | 4 5 6 7 9 10 | 10.2
Armour         | 4 5 6 8 9 10 | 10.3
Shields        | 4 5 6 8 9 10 | 10.2
Polearms       | 2 3 5 7 9 11 12 | 12.8
Invocations    | 1 3 4 6 7 |  7.4

Action                   |  1- 3 |  4- 6 |  7- 9 | 10-12 || total
-------------------------+-------+-------+-------+-------++-------
Melee: War axe           |    73 |    74 |       |       ||   147
       Headbutt          |     8 |    17 |    63 |    78 ||   166
       Trident           |       |    45 |   305 |   451 ||   801
Invok: Recite            |       |       |     1 |     2 ||     3
       Vitalisation      |       |       |       |     2 ||     2
  Use: Scroll            |       |       |    20 |     1 ||    21
       Potion            |       |       |       |     7 ||     7
  Eat: Chunk             |       |     7 |    13 |     6 ||    26
       Ration            |       |       |       |     2 ||     2
Armor: Scale mail        |    40 |    56 |    15 |       ||   111
       Plate armour      |       |       |   105 |   151 ||   256
Dodge: Dodged            |    21 |    50 |    49 |    64 ||   184
Block: Kite shield       |    43 |    61 |   175 |   374 ||   653
       Reflection        |       |       |     1 |    16 ||    17

Table legend:
 A = Non-vault XP
 B = Vault XP
 C = Vault XP percentage of total XP
 D = Non-vault monster count
 E = Vault monster count
 F = Vault count percentage of total count
                 A         B        C        D         E       F
            +---------+---------+-------+---------+---------+-------
      Total |   11045 |   11035 |  50.0 |     231 |      65 |  22.0
            +---------+---------+-------+---------+---------+-------
        D:1 |      55 |       0 |   0.0 |      26 |       0 |   0.0
        D:2 |      69 |      44 |  38.9 |      13 |       5 |  27.8
        D:3 |      42 |       0 |   0.0 |      20 |       0 |   0.0
        D:4 |     607 |       0 |   0.0 |      23 |       0 |   0.0
        D:5 |     587 |     169 |  22.4 |      12 |       1 |   7.7
        D:6 |     903 |      26 |   2.8 |      20 |       2 |   9.1
        D:7 |     983 |       0 |   0.0 |      15 |       0 |   0.0
        D:8 |    1764 |    6250 |  78.0 |      18 |      24 |  57.1
        D:9 |    1488 |     929 |  38.4 |      36 |       1 |   2.7
       D:10 |    2864 |    2577 |  47.4 |      27 |       9 |  25.0
       D:11 |     633 |     630 |  49.9 |      14 |       5 |  26.3
     Lair:1 |    1050 |     260 |  19.8 |       7 |       2 |  22.2
    Ossuary |       0 |     150 | 100.0 |       0 |      16 | 100.0
            +---------+---------+-------+---------+---------+-------
